 Dungeon Crawl Stone Soup version 0.23.2-1-ga50397a (webtiles) character file.

Game seed: 4751473584029871513

372 xveg the Chopper (level 6, -3/52 HPs)
             Began as a Minotaur Gladiator on May 8, 2019.
             Was an Initiate of Gozag.
             Slain by an orc
             ... wielding a +0 club
              (6 damage)
             ... on level 5 of the Dungeon.
             The game lasted 00:08:43 (2654 turns).

xveg the Chopper (Minotaur Gladiator)               Turns: 2654, Time: 00:08:43

Health: -3/52      AC:  5    Str: 18 (20) XL:     6   Next: 43%
Magic:  5/5        EV: 19    Int:  4 (5)  God:    Gozag
Gold:   129        SH:  0    Dex: 14 (17) Spells: 5/5 levels left

rFire    . . .     SeeInvis .   a - +1 war axe
rCold    . . .     Gourm    .   (no shield)
rNeg     . . .     Faith    .   m - +0 leather armour
rPois    .         Spirit   .   c - +0 hat
rElec    .         Reflect  .   (no cloak)
rCorr    .         Harm     +   (no gloves)
MR       .....     Rnd*Tele +   (no boots)
Stlth    ++........             j - amulet of harm
HPRegen  0.17/turn              g - ring of teleportation (curse)
MPRegen  0.09/turn              k - +2 ring of protection

@: agile, gold aura, flying
A: retaliatory headbutt, horns 2
a: Potion Petition, Call Merchant, Bribe Branch, Renounce Religion


You were on level 5 of the Dungeon.
You worshipped Gozag.
Gozag was aware of your devotion.
You were not hungry.

You visited 2 branches of the dungeon, and saw 6 of its levels.

You collected 162 gold pieces.
You paid 33 gold pieces to Gozag.

Inventory:

Hand Weapons
 a - a +1 war axe (weapon)
 b - a +0 hunting sling
Missiles
 d - 3 throwing nets (quivered)
Armour
 c - a +0 hat (worn)
 m - a +0 leather armour (worn)
 o - a +0 leather armour
Jewellery
 g - a cursed ring of teleportation (left hand)
 j - an amulet of harm (around neck)
 k - a +2 ring of protection (right hand)
 p - an uncursed ring of flight
 v - an uncursed amulet of regeneration {unknown}
Wands
 r - a wand of digging (1)
Scrolls
 e - a scroll of teleportation {unknown}
 h - a scroll of magic mapping
 i - 3 scrolls of remove curse
 l - a scroll of identify
 s - a scroll of random uselessness
Potions
 q - a potion of flight
Comestibles
 f - 3 rations


   Skills:
 * Level 3.8 Fighting
 + Level 6.7 Axes
 + Level 2.1 Throwing
 + Level 3.3 Armour
 + Level 4.1 Dodging


You had 5 spell levels left.
You didn't know any spells.
Your spell library was empty.

Dungeon Overview and Level Annotations

Branches:
Dungeon (5/15)             Temple (1/1) D:4

Altars:
Ashenzari
Cheibriados
Dithmenos
Elyvilon
Fedhas
Gozag
Hepliaklqana
Kikubaaqudgha
Makhleb
Nemelex Xobeh
Sif Muna
Trog
Uskayaw
Vehumet
Xom
Yredelemnul
Zin
The Shining One


Innate Abilities, Weirdness & Mutations

You reflexively headbutt those who attack you in melee.
You have a pair of horns on your head.


Message History

The orc wizard hits you but does no damage.
You slash the orc wizard!
You kill the orc wizard!
The orc is no longer distracted by gold.
Okay, then.
It was a potion of flight.
You feel very buoyant.
You fly up into the air.
The orc wizard becomes distracted by the nearby gold, dreaming of imaginary riches.
Unknown command.
It was a potion of agility.
You feel agile all of a sudden.
The orc wizard is no longer distracted by gold.
The orc misses you. The orc wizard completely misses you.
It was a potion of degeneration.
There was something very wrong with that liquid.
You feel weakened.
You feel dopey.
You feel clumsy. The orc hits you with a +0 club.
You die...
Your body crumbles into a pile of gold. #.. ♣. ...# ..... >..# ..♣. ...# ... ... $ .o♣.. ooo

$ #o#######
#@o...... #.#######
#..#
###.###############
#..................
#.#.###############
#.#.#☼....○..○○☼☼§§
#.#.#☼#############
#.#.#.....○°°○.°°○○


You could see an orc priest, an orc wizard and 4 orcs.

Vanquished Creatures
  A sky beast (D:5)
  A scorpion (D:4)
  An orc wizard (D:5)
  Jessica (D:2)
  2 worker ants (D:4)
  6 adders
  A shadow imp (D:5)
  An ooze (D:1)
  2 adder skeletons (D:4)
  A worm (D:4)
  A dart slug (D:1)
  3 leopard geckos
  3 orcs
  4 bats
  3 giant cockroaches
  7 goblins
  7 hobgoblins
  2 quokkas (D:3)
  6 frilled lizards
  4 kobolds
  7 rats
64 creatures vanquished.

Notes
Turn   | Place    | Note
-------+----------+-------------------------------------------
     0 | D:1      | xveg the Minotaur Gladiator began the quest for the Orb.
     0 | D:1      | Reached XP level 1. HP: 18/18 MP: 0/0
    96 | D:1      | Reached skill level 4 in Axes
    96 | D:1      | Reached XP level 2. HP: 23/25 MP: 1/1
   960 | D:2      | Noticed Jessica
   965 | D:2      | Killed Jessica
   965 | D:2      | Reached XP level 3. HP: 30/30 MP: 2/2
  1005 | D:2      | Reached skill level 5 in Axes
  1061 | D:2      | Reached skill level 1 in Armour
  1071 | D:2      | Found a hazy altar of Hepliaklqana.
  1080 | D:2      | Reached XP level 4. HP: 37/37 MP: 3/3
  1804 | D:3      | Found a faded altar of an unknown god.
  2087 | D:4      | Found a staircase to the Ecumenical Temple.
  2105 | Temple   | Entered the Ecumenical Temple
  2199 | Temple   | Became a worshipper of Gozag Ym Sagoz the Greedy
  2226 | D:4      | Found a hide-covered altar of Uskayaw.
  2235 | D:4      | Reached XP level 5. HP: 42/45 MP: 4/4
  2345 | D:4      | Reached skill level 6 in Axes
  2609 | D:4      | You fall through a shaft!
  2609 | D:5      | Entered Level 5 of the Dungeon
  2635 | D:5      | Noticed a sky beast
  2642 | D:5      | Killed a sky beast
  2642 | D:5      | Reached XP level 6. HP: 41/52 MP: 5/5
  2648 | D:5      | HP: 2/52 [orc priest/divine providence (16)]
  2654 | D:5      | Slain by an orc

Skill      XL: |  1  2  3  4  5 |
---------------+----------------+-----
Axes           | 4 5 6 |  6.7
Armour         | 1 2 3 |  3.3
Fighting       | 3 |  3.8
Dodging        | 4 |  4.1
Throwing       | |  2.1

Action                   |  1- 3 |  4- 6 || total
-------------------------+-------+-------++-------
Melee: War axe           |    58 |    83 ||   141
       Headbutt          |     9 |     9 ||    18
Invok: Potion Petition   |       |     1 ||     1
Evoke: Wand              |       |     1 ||     1
  Use: Scroll            |       |     8 ||     8
       Potion            |       |     3 ||     3
 Stab: Sleeping          |       |     1 ||     1
  Eat: Chunk             |       |     3 ||     3
       Ration            |       |     1 ||     1
Armor: Leather armour    |    11 |    23 ||    34
Dodge: Dodged            |    35 |    44 ||    79
